 Dungeon Crawl Stone Soup version 0.21-a0-278-ga722497 (webtiles) character file.

229 vishdafish the Shield-Bearer (level 6, 0/48 HPs)
             Began as a Formicid Fighter on Sept 22, 2017.
             Slain by a gnoll
             ... wielding a +0 halberd
              (3 damage)
             ... on level 2 of the Dungeon.
             The game lasted 00:01:56 (1485 turns).

vishdafish the Shield-Bearer (Formicid Fighter)     Turns: 1485, Time: 00:01:57

Health: 0/48       AC:  7    Str: 21    XL:     6   Next: 23%
Magic:  6/6        EV:  8    Int:  7    God:
Gold:   74         SH: 10    Dex: 12    Spells: 5/5 levels left

rFire    . . .     SeeInvis +   a - +0 war axe
rCold    . . .     Gourm    .   c - +0 shield
rNeg     . . .     Faith    .   b - +0 scale mail
rPois    .         Spirit   .   (helmet unavailable)
rElec    .         Reflect  .   (no cloak)
rCorr    .         Harm     .   (no gloves)
MR       .....                  (no boots)
Stlth    ..........             (no amulet)
HPRegen  0.16/turn              (no ring)
MPRegen  0.10/turn              (no ring)

@: no status effects
A: permanent stasis, dig shafts and tunnels, four strong arms, antennae 3
a: Dig, Shaft Self


You were on level 2 of the Dungeon.
You were not hungry.

You visited 1 branch of the dungeon, and saw 2 of its levels.

You collected 74 gold pieces.

Inventory:

Hand Weapons
 a - a +0 war axe (weapon)
Armour
 b - a +0 scale mail (worn)
 c - a +0 shield (worn)
Scrolls
 e - a scroll of identify
 h - a scroll of remove curse
 i - a scroll of immolation
 j - a scroll of teleportation {unknown}
Potions
 d - a potion of might
 k - a potion of curing {unknown}
 l - 2 potions of heal wounds {unknown}
Comestibles
 f - 2 bread rations
 g - a meat ration
 n - a royal jelly


   Skills:
 + Level 4.2 Fighting
 * Level 4.0 Axes
 + Level 4.1 Armour
 + Level 5.0 Shields


You had 5 spell levels left.
You didn't know any spells.

Dungeon Overview and Level Annotations

Branches:
Dungeon (2/15)

Altars:
Fedhas


Innate Abilities, Weirdness & Mutations

You cannot be hasted, slowed, berserked, paralysed or teleported.
You can dig through walls and to a lower floor.
Your four strong arms can wield two-handed weapons with a shield.
You have a pair of large antennae on your head. (SInv)


Message History

The bat is heavily wounded.
You block the bat's attack. The bat barely misses you.
You slash the bat!
You kill the bat!
The gnoll barely misses you.
You slash the gnoll!
The gnoll is severely wounded.
The gnoll hits you with a halberd!
* * * LOW HITPOINT WARNING * * *
You slash the gnoll!
You kill the gnoll!
Your Axes skill increases to level 4!
The gnoll hits you but does no damage.
You hit the gnoll but do no damage. The gnoll hits you with a halberd.
* * * LOW HITPOINT WARNING * * *
You barely miss the gnoll. The gnoll hits you but does no damage.
You hit the gnoll.
The gnoll is heavily wounded.
The gnoll hits you with a halberd.
You die...

##########.##.).#
#.##.).# #.##..##
#.#g..# #.#...#
##.#..## ##.g.g.#
#g###### ##@# ###


You could see a gnoll.

Vanquished Creatures
  Sigmund (D:2)
  3 gnolls (D:2)
  A worm (D:2)
  3 dart slugs
  A giant cockroach (D:1)
  3 goblins (D:1)
  5 hobgoblins
  4 jackals (D:1)
  7 kobolds
  A quokka (D:2)
  3 bats
  A rat (D:1)
33 creatures vanquished.

Notes
Turn   | Place    | Note
-------+----------+-------------------------------------------
     0 | D:1      | vishdafish the Formicid Fighter began the quest for the Orb.
     0 | D:1      | Reached XP level 1. HP: 18/18 MP: 1/1
    43 | D:1      | Reached XP level 2. HP: 23/24 MP: 2/2
   121 | D:1      | Reached skill level 4 in Shields
   312 | D:1      | Reached XP level 3. HP: 23/29 MP: 3/3
  1161 | D:2      | Noticed Sigmund
  1176 | D:2      | Killed Sigmund
  1176 | D:2      | Reached XP level 4. HP: 11/37 MP: 4/4
  1176 | D:2      | Reached XP level 5. HP: 12/42 MP: 5/5
  1176 | D:2      | Reached XP level 6. HP: 14/48 MP: 6/6
  1397 | D:2      | Found a blossoming altar of Fedhas.
  1440 | D:2      | Reached skill level 5 in Shields
  1483 | D:2      | HP: 2/48 [gnoll/halberd (4)]
  1485 | D:2      | Slain by a gnoll

Vault maps used:
D:1:      dpeg_arrival_morbid_curiosity
D:2:      minmay_kobold_bridge, serial_curves, eino_curves_03, eino_curves_04,
          eino_curves_03, fedhas_altar_2, uniq_sigmund

Skill      XL: |  1  2  3  4  5  6 |
---------------+-------------------+-----
Shields        | 4 5 |  5.0
Fighting       | 4 |  4.2
Axes           | 3 4 |  4.0
Armour         | 4 |  4.1

Action                   |  1- 3 |  4- 6 || total
-------------------------+-------+-------++-------
Melee: War axe           |    87 |    15 ||   102
 Abil: Dig               |       |     1 ||     1
  Use: Scroll            |     2 |       ||     2
  Eat: Chunk             |       |     2 ||     2
Armor: Scale mail        |    39 |     8 ||    47
Dodge: Dodged            |    35 |     8 ||    43
Block: Shield            |    59 |    10 ||    69

Table legend:
 A = Spawn XP
 B = Non-spawn XP
 C = Spawn XP percentage of total XP
 D = Spawn monster count
 E = Non-spawn monster count
 F = Spawn count percentage of total count
 G = Total turns spent on level
                    A         B        C        D         E        F      G
               +---------+---------+-------+---------+---------+-------+---------
         Total |       0 |     328 |   0.0 |       0 |      33 |   0.0 |  1485
               +---------+---------+-------+---------+---------+-------+---------
           D:1 |       0 |      34 |   0.0 |       0 |      19 |   0.0 |   957
           D:2 |       0 |     294 |   0.0 |       0 |      14 |   0.0 |   528
               +---------+---------+-------+---------+---------+-------+---------
